 Dungeon Crawl Stone Soup version 0.23.1 (webtiles) character file.

Game seed: 0

984 poirepourri the Thaumaturge (level 7, -6/46 HPs)
             Began as a Mummy Necromancer on Mar 9, 2019.
             Killed from afar by an orc wizard (9 damage)
             ... with a puff of flame
             ... on level 5 of the Dungeon.
             The game lasted 00:12:11 (6220 turns).

poirepourri the Thaumaturge (Mummy Necromancer)     Turns: 6220, Time: 00:12:12

Health: -6/46      AC:  4    Str: 12    XL:     7   Next: 97%
Magic:  21/21      EV: 15    Int: 16    God:
Gold:   171        SH:  0    Dex: 12    Spells: 18/27 levels left

rFire    x . .     SeeInvis .   a - +0 short sword
rCold    + . .     Gourm    .   (no shield)
rNeg     + + +     Faith    .   k - +0 robe
rPois    ∞         Spirit   .   l - +0 helmet
rElec    .         Reflect  .   d - +0 cloak
rCorr    .         Harm     .   (no gloves)
MR       .....                  (no boots)
Stlth    ++........             (no amulet)
HPRegen  0.15/turn              (no ring)
MPRegen  0.17/turn              h - +3 ring of evasion

@: no status effects
A: no food or potions, fire vulnerability, cold resistance 1, negative energy
resistance 3, torment resistance, unbreathing
a: no special abilities


You were on level 5 of the Dungeon.
You were not hungry.

You visited 1 branch of the dungeon, and saw 5 of its levels.

You collected 171 gold pieces.

Inventory:

Hand Weapons
 a - a +0 short sword (weapon)
 b - a +0 blowgun
Missiles
 c - 5 silver javelins (quivered)
 g - 10 poisoned needles
Armour
 d - a +0 cloak (worn)
 k - a +0 robe (worn)
 l - a +0 helmet (worn)
Jewellery
 h - a +3 ring of evasion (right hand)
 j - an uncursed ring of ice
 p - an uncursed ring of stealth
Wands
 i - a wand of flame (29)
Scrolls
 e - 3 scrolls of identify
 f - 2 scrolls of teleportation


   Skills:
 - Level 1.5 Dodging
 - Level 1.5 Stealth
 - Level 10.5 Spellcasting
 - Level 5.1 Necromancy


You had 18 spell levels left.
You knew the following spells:

 Your Spells              Type           Power        Failure   Level  Hunger
a - Pain                  Necr           ###.         1%          1    N/A
b - Animate Skeleton      Necr           N/A          1%          1    N/A
c - Vampiric Draining     Necr           ###.......   3%          3    N/A
d - Animate Dead          Necr           N/A          11%         4    N/A

Your spell library contained the following spells:

 Spells                   Type           Power        Failure   Level  Hunger
 Regeneration             Chrm/Necr      Unusable     N/A         3    N/A

Dungeon Overview and Level Annotations

Branches:
Dungeon (5/15)
 Temple: D:4-7

Altars:
Ashenzari
Nemelex Xobeh
Uskayaw
Vehumet

Annotations:
D:4 exclusion: statue


Innate Abilities, Weirdness & Mutations

You do not eat or drink.
Your flesh is vulnerable to fire.
You are immune to poison.
Your flesh is cold resistant. (rC+)
You are immune to negative energy. (rN+++)
You are immune to unholy pain and torment.
You can survive without breathing.


Message History

Things that are here:
a +0 leather armour; an orc corpse You hit something.
Something hits you.
You hear some strange, mumbled words.
A magic dart appears from out of thin air!
The magic dart hits you.
You barely miss something. Something hits you.
You hit something. Something hits you.
You closely miss something. Something hits you but does no damage.
You barely miss something.
You hear some strange, mumbled words.
A puff of flame appears from out of thin air!
The puff of flame hits you!! The fire burns you terribly!
* * * LOW HITPOINT WARNING * * *
Okay, then.
You can't drink.
You hear some strange, mumbled words.
A puff of flame appears from out of thin air!
The puff of flame hits you! The fire burns you terribly!
You die...

#####.###.#..#.#
#.# #.####.##
#.# #.......#
#.# #########
#.# #<# #.# #.#
#.# #.#
#.#########.##
#.[..@.......#
##############


There were no monsters in sight!

Vanquished Creatures
  Sigmund (D:4)
  Edmund (D:4)
  An ogre (D:4)
  A gnoll sergeant (D:4)
  2 hounds (D:4)
  2 orc priests
  Natasha (thrice) (D:4)
  2 worker ants (D:4)
  7 gnolls
  6 adders
  2 river rats (D:4)
  An ooze (D:1)
  An adder skeleton (D:5)
  2 worms (D:4)
  2 dart slugs
  6 leopard geckos
  8 orcs
  7 giant cockroaches
  10 goblins
  8 hobgoblins
  7 jackals
  8 kobolds
  3 quokkas
  A ball python (D:3)
  8 bats
  4 frilled lizards
  7 rats
111 creatures vanquished.

Vanquished Creatures (collateral kills)
  An ogre (D:4)
  A gnoll (D:4)
  A jackal (D:4)
3 creatures vanquished.

Grand Total: 114 creatures vanquished

Notes
Turn   | Place    | Note
-------+----------+-------------------------------------------
     0 | D:1      | poirepourri the Mummy Necromancer began the quest for the
                  | Orb.
     0 | D:1      | Reached XP level 1. HP: 13/13 MP: 4/4
   197 | D:1      | Reached skill level 3 in Spellcasting
   504 | D:1      | Learned a level 1 spell: Animate Skeleton
   648 | D:1      | Reached XP level 2. HP: 19/19 MP: 1/6
   868 | D:1      | Reached skill level 4 in Spellcasting
  1587 | D:2      | Reached XP level 3. HP: 24/24 MP: 4/8
  1768 | D:1      | Learned a level 3 spell: Vampiric Draining
  2028 | D:2      | Reached skill level 5 in Spellcasting
  2390 | D:2      | Reached XP level 4. HP: 30/30 MP: 7/11
  2775 | D:2      | Found a shattered altar of Ashenzari.
  2846 | D:3      | Found a sparkling altar of Nemelex Xobeh.
  2872 | D:3      | Reached skill level 6 in Spellcasting
  2966 | D:3      | Learned a level 4 spell: Animate Dead
  3272 | D:3      | Reached XP level 5. HP: 30/35 MP: 0/13
  3791 | D:4      | Noticed Sigmund
  3885 | D:4      | Reached skill level 7 in Spellcasting
  3956 | D:4      | Noticed an ogre
  3968 | D:4      | Killed an ogre
  3968 | D:4      | Reached XP level 6. HP: 19/41 MP: 5/16
  4066 | D:4      | Noticed Natasha
  4155 | D:4      | Reached skill level 5 in Necromancy
  4178 | D:4      | Killed Natasha
  4237 | D:4      | Noticed Natasha
  4242 | D:4      | Killed Natasha
  4716 | D:4      | Reached skill level 8 in Spellcasting
  4779 | D:4      | Found a radiant altar of Vehumet.
  4810 | D:4      | Reached XP level 7. HP: 46/46 MP: 15/19
  5201 | D:4      | Noticed Natasha
  5210 | D:4      | Killed Natasha
  5210 | D:4      | Reached skill level 9 in Spellcasting
  5245 | D:4      | Killed Sigmund
  5495 | D:4      | Reached skill level 10 in Spellcasting
  5590 | D:4      | Noticed Edmund
  5737 | D:4      | Found a sparkling altar of Nemelex Xobeh.
  5738 | D:4      | Found a hide-covered altar of Uskayaw.
  5937 | D:4      | Killed Edmund
  6022 | D:5      | Entered Level 5 of the Dungeon
  6086 | D:5      | Found a hide-covered altar of Uskayaw.
  6220 | D:5      | Killed from afar by an orc wizard

Skill      XL: |  1  2  3  4  5  6  7 |
---------------+----------------------+-----
Spellcasting   | 3 4 5 6 7 8 10 | 10.5
Necromancy     | 5 |  5.1
Dodging        | |  1.5
Stealth        | |  1.5

Action                   |  1- 3 |  4- 6 |  7- 9 || total
-------------------------+-------+-------+-------++-------
Melee: Unarmed           |     4 |       |       ||     4
       Short sword       |       |     6 |    10 ||    16
 Cast: Pain              |    76 |   168 |    55 ||   299
       Animate Skeleton  |       |    11 |     2 ||    13
       Vampiric Draining |       |       |     7 ||     7
       Animate Dead      |       |       |     2 ||     2
Evoke: Wand              |       |     2 |     6 ||     8
  Use: Scroll            |     2 |     5 |     3 ||    10
Armor: Robe              |     6 |    17 |     5 ||    28
Dodge: Dodged            |    37 |    55 |    32 ||   124
